 Dungeon Crawl Stone Soup version 0.21-a0-529-g8c7b3f5 (webtiles) character file.

137 AverageBear the Cutter (level 5, 0/34 HPs)
             Began as a Deep Elf Fighter on Dec 11, 2017.
             Succumbed to an orc's poison
             ... on level 3 of the Dungeon.
             The game lasted 00:02:04 (2351 turns).

AverageBear the Cutter (Deep Elf Fighter)           Turns: 2351, Time: 00:02:05

Health: 0/34       AC:  6    Str: 14    XL:     5   Next: 0%
Magic:  7/7        EV:  6    Int: 13    God:
Gold:   129        SH:  8    Dex: 14    Spells: 4/4 levels left

rFire    . . .     SeeInvis .   n - +2 dagger (vamp)
rCold    . . .     Gourm    .   c - +0 shield
rNeg     . . .     Faith    .   b - +0 scale mail
rPois    .         Spirit   .   (no helmet)
rElec    .         Reflect  .   (no cloak)
rCorr    .         Harm     .   (no gloves)
MR       .....                  (no boots)
Stlth    ..........             (no amulet)
HPRegen  0.11/turn              k - +2 ring of dexterity
MPRegen  0.10/turn              (no ring)

@: lethally poisoned (0 -> -5), very slightly contaminated, invisible
A: talons 1, clumsy 1, robust 1, screaming 1
a: no special abilities


You were on level 3 of the Dungeon.
You were not hungry.

You visited 1 branch of the dungeon, and saw 3 of its levels.

You collected 129 gold pieces.

Inventory:

Hand Weapons
 a - a +0 rapier
 n - a +2 vampiric dagger (weapon)
Armour
 b - a +0 scale mail (worn)
 c - a +0 shield (worn)
Jewellery
 k - a +2 ring of dexterity (left hand)
Scrolls
 f - a scroll of amnesia
 g - 2 scrolls of fog {unknown}
 h - 2 scrolls of remove curse
 l - 4 scrolls of teleportation
 p - 2 scrolls of enchant armour {unknown}
 q - a scroll of enchant weapon
 s - a scroll of blinking {unknown}
Potions
 d - 2 potions of might
 e - a potion of brilliance
Books
 o - a book of Changes

   Spells                             Type                      Level
   a - Beastly Appendage              Transmutation                1
   b - Sticks to Snakes               Transmutation                2
   c - Spider Form                    Transmutation/Poison         3
   d - Ice Form                       Ice/Transmutation            4
   e - Blade Hands                    Transmutation                5
Comestibles
 j - a meat ration
 m - 10 chunks of flesh
 r - a royal jelly


   Skills:
 - Level 2.4 Fighting
 + Level 5.2 Short Blades
 - Level 2.4 Armour
 - Level 2.4 Shields


You had 4 spell levels left.
You didn't know any spells.

Dungeon Overview and Level Annotations

Branches:
Dungeon (3/15)

Altars:
Dithmenos
Kikubaaqudgha
Okawaru
Uskayaw


Innate Abilities, Weirdness & Mutations

You have sharp toenails.
You are clumsy. (Dex -2)
You are robust. (+10% HP)
You occasionally shout uncontrollably at your foes.


Message History

You feel sick.
You see here an emerald potion.
i - an emerald potion
* * * LOW HITPOINT WARNING * * *
You feel sick.
It was a potion of invisibility.
You fade into invisibility!
* * * LOW HITPOINT WARNING * * *
You feel sick.
You are very lightly contaminated with residual magic.
* * * LOW HITPOINT WARNING * * *
You feel sick.
Found a potion of invisibility.
* * * LOW HITPOINT WARNING * * *
You feel sick.
Found 31 sling bullets.
* * * LOW HITPOINT WARNING * * *
You feel sick.
Found 5 gold pieces.
You die...

#.)................
#....................
#...........?........
#....................
#....................
#.....(............$.
#....................
#.........$..........
#............@.......
#..............!.....
#................(...
....................
...................
##################


There were no monsters in sight!

Vanquished Creatures
  Natasha (twice) (D:2)
  Terence (D:2)
  An adder (D:2)
  A dart slug (D:1)
  2 leopard geckos
  2 orcs (D:3)
  A ball python (D:1)
  2 giant cockroaches (D:1)
  3 goblins (D:2)
  5 hobgoblins
  7 jackals
  7 kobolds
  A quokka (D:3)
  7 bats
  2 frilled lizards
  4 rats
48 creatures vanquished.

Notes
Turn   | Place    | Note
-------+----------+-------------------------------------------
     0 | D:1      | AverageBear the Deep Elf Fighter began the quest for the Orb.
     0 | D:1      | Reached XP level 1. HP: 13/13 MP: 3/3
   205 | D:1      | Reached XP level 2. HP: 10/18 MP: 4/4
   580 | D:1      | Reached skill level 3 in Short Blades
  1243 | D:2      | Noticed Terence
  1284 | D:2      | Killed Terence
  1284 | D:2      | Reached skill level 4 in Short Blades
  1284 | D:2      | Reached XP level 3. HP: 18/22 MP: 5/5
  1357 | D:2      | Noticed Natasha
  1369 | D:2      | Killed Natasha
  1369 | D:2      | Reached XP level 4. HP: 5/27 MP: 6/6
  1774 | D:2      | Noticed Natasha
  1784 | D:2      | Killed Natasha
  1784 | D:2      | Reached skill level 5 in Short Blades
  1928 | D:2      | Found a hide-covered altar of Uskayaw.
  2057 | D:2      | Found an ancient bone altar of Kikubaaqudgha.
  2060 | D:2      | Found a shadowy altar of Dithmenos.
  2063 | D:2      | Found an iron altar of Okawaru.
  2330 | D:3      | Reached XP level 5. HP: 23/31 MP: 7/7
  2334 | D:3      | Gained mutation: You occasionally shout uncontrollably at your foes. [potion of mutation]
  2334 | D:3      | Gained mutation: You are clumsy. (Dex -2) [potion of mutation]
  2334 | D:3      | Gained mutation: You are robust. (+10% HP) [potion of mutation]
  2334 | D:3      | Gained mutation: You have sharp toenails. [potion of mutation]
  2350 | D:3      | HP: 1/34 [poisoned by an orc]
  2351 | D:3      | Succumbed to an orc's poison

Vault maps used:
D:1:      dpeg_arrival_simpleton_c
D:2:      nicolae_overflow_hidden_temple, grunt_temple_overflow_diamond,
          minmay_tromino_i4, uniq_natasha, uniq_terence

Skill      XL: |  1  2  3  4 |
---------------+-------------+-----
Short Blades   | 4 5 |  5.2
Fighting       | |  2.4
Armour         | |  2.4
Shields        | |  2.4

Action                   |  1- 3 |  4- 6 || total
-------------------------+-------+-------++-------
Melee: Rapier            |    64 |       ||    64
       Dagger            |    91 |    81 ||   172
  Use: Potion            |     4 |     2 ||     6
       Scroll            |       |     4 ||     4
  Eat: Chunk             |     2 |     3 ||     5
       Bread ration      |     1 |       ||     1
Armor: Scale mail        |    74 |    47 ||   121
Dodge: Dodged            |    29 |    14 ||    43
Block: Shield            |    66 |    42 ||   108

Table legend:
 A = Spawn XP
 B = Non-spawn XP
 C = Spawn XP percentage of total XP
 D = Spawn monster count
 E = Non-spawn monster count
 F = Spawn count percentage of total count
 G = Total turns spent on level
                    A         B        C        D         E        F      G
               +---------+---------+-------+---------+---------+-------+---------
         Total |       0 |     196 |   0.0 |       0 |      48 |   0.0 |  2351
               +---------+---------+-------+---------+---------+-------+---------
           D:1 |       0 |      30 |   0.0 |       0 |      17 |   0.0 |   971
           D:2 |       0 |     145 |   0.0 |       0 |      20 |   0.0 |  1189
           D:3 |       0 |      21 |   0.0 |       0 |      11 |   0.0 |   191
               +---------+---------+-------+---------+---------+-------+---------
